 Dungeon Crawl Stone Soup version 0.26.0-16-gc1dbca0489 (webtiles) character file.

Game seed: 17345284112978635601

18 kaeus the Sneak (level 2, 14/19 HPs)
             Began as a Vampire Enchanter on Jan 21, 2021.
             Quit the game on level 1 of the Dungeon.
             The game lasted 00:06:02 (434 turns).

kaeus the Sneak (Vampire Enchanter)                  Turns: 434, Time: 00:06:02

Health: 14/19      AC:  2    Str:  7    XL:     2   Next: 48%
Magic:  5/5        EV: 13    Int: 17    God:
Gold:   35         SH:  0    Dex: 14    Spells: 4/5 levels left

rFire    . . .     SeeInvis +   a - +1 dagger
rCold    . . .     Faith    .   (no shield)
rNeg     . . .     Spirit   .   b - +0 robe
rPois    .         Reflect  .   (no helmet)
rElec    .         Harm     .   (no cloak)
rCorr    .         Rampage  .   (no gloves)
Will     .....                  (no boots)
Stlth    +++.......             (no amulet)
HPRegen  0.26/turn              (no ring)
MPRegen  0.09/turn              (no ring)

@: regenerating quickly
A: fangs 3, see invisible, unbreathing
a: Exsanguinate


You were on level 1 of the Dungeon.
You visited 1 branch of the dungeon, and saw 1 of its levels.

You collected 35 gold pieces.

Inventory:

Hand Weapons
 a - a +1 dagger (weapon)
Armour
 b - a +0 robe (worn)
Scrolls
 c - a scroll of fear {unknown}
 e - 2 scrolls of teleportation {unknown}
 f - a scroll of immolation {unknown}
 h - a scroll of noise {unknown}
Potions
 d - a potion of mutation {unknown}
 g - a potion of lignification {unknown}


   Skills:
 + Level 1.5 Short Blades
 + Level 2.5 Dodging
 + Level 4.7 Stealth
 + Level 2.2 Spellcasting
 + Level 4.7 Hexes


You had 4 spell levels left.
You knew the following spells:

 Your Spells              Type           Power        Failure   Level
v - Corona                Hex            18%          2%          1

Your spell library contained the following spells:

 Spells                   Type           Power        Failure   Level
 Confusing Touch          Hex            17%          9%          3
 Tukima's Dance           Hex            17%          9%          3
 Ensorcelled Hibernation  Hex/Ice        18%          11%         2
 Dazzling Flash           Conj/Hex       18%          22%         3


Dungeon Overview and Level Annotations

Branches:
Dungeon (1/15)

Altars:


Innate Abilities, Weirdness & Mutations

Your natural rate of healing is unusually fast.
You have razor-sharp teeth.
You have supernaturally acute eyesight. (SInv)
You can survive without breathing.


Message History

The slug dart hits you.
You take 6 damage, and have 13/19 hp.
MASSIVE DAMAGE!!
You see here a scroll labelled PECAEWK HA DAENUMO.
A dart slug is nearby!
A dart slug is nearby!
The dart slug bites you but does no damage.
You hit the dart slug. The dart slug closely misses you.
You hit the dart slug. You hit the dart slug. You bite the dart slug.
You kill the dart slug!
No target in view!
Unknown command.
Unknown command.
Saving game... please wait.
Options error: Bad channel -- rotten_meat (HDAMessageColors.rc:46) Welcome back, kaeus the Vampire Enchanter.
Lua error: [string "/dgldir/rcfiles/crawl-0.26/SpoilerAlerts.rc"]:18: attempt to call field 'conservation' (a nil value)
You don't know that spell.
Lua error: [string "/dgldir/rcfiles/crawl-0.26/SpoilerAlerts.rc"]:18: attempt to call field 'conservation' (a nil value)

#.# ####+## #.#
......... #.#
..........# .#
.........# ..
########.#.#.#..###+#.#
#..........!....#....##
#......#.#.#.#..#......
#....†@?......# #....##
########.#.#†## #....#
........)..>.# #....#
......#.#.#.## #...†##
........###.####...[..
..............##...(.#
........###.#.##.....#
#######.# #.#.##.....#
#.# #.#.######.#


There were no monsters in sight!

Vanquished Creatures
  2 dart slugs (D:1)
  A leopard gecko (D:1)
  A giant cockroach (D:1)
  2 goblins (D:1)
  2 hobgoblins (D:1)
  2 kobolds (D:1)
  A ball python (D:1)
  2 rats (D:1)
13 creatures vanquished.

Notes
Turn   | Place    | Note
-------+----------+-------------------------------------------
     0 | D:1      | kaeus the Vampire Enchanter began the quest for the Orb.
     0 | D:1      | Reached XP level 1. HP: 13/13 MP: 3/3
    15 | D:1      | Identified a +0 dagger
    92 | D:1      | Identified a +0 club
   117 | D:1      | Reached XP level 2. HP: 12/19 MP: 5/5
   434 | D:1      | Quit the game

Illustrated notes

Levels and vault maps discovered:
D:1:      erik_arrival_triangle_small, layout_basic,
          chequers_serial_rivers_micro_c, st_stairs_8, minmay_pentomino_u2

Action                   || total
-------------------------++-------
Melee: Dagger            ||    60
       Bite              ||     4
 Cast: Corona            ||     1
Armor: Robe              ||     7
Dodge: Dodged            ||    31
